 Dungeon Crawl Stone Soup version 0.18-a0-1343-g48c8f86 (webtiles) character file.

100 namelastname112 the Insei (level 4, -1/57 HPs)
             Began as a Draconian Monk on Feb 16, 2016.
             Slain by a gnoll
             ... wielding a +0 halberd
              (6 damage)
             ... on level 2 of the Dungeon.
             The game lasted 00:01:59 (1393 turns).

namelastname112 the Insei (Draconian Monk)          Turns: 1393, Time: 00:01:59

Health: -1/57      AC: 22    Str: 13    XL:     4   Next: 46%
Magic:  4/4        EV:  2    Int: 11    God:
Gold:   77         SH:  0    Dex: 14    Spells: 0 memorised, 3 levels left

rFire  . . .     SeeInvis .       - Unarmed
rCold  . . .     Gourm    .     (armour unavailable)
rNeg   + + +     Faith    .     (no shield)
rPois  +         Spirit   .     (helmet currently unavailable)
rElec  .         Dismiss  .     (cloak currently unavailable)
rCorr  .         Reflect  .     (gloves currently unavailable)
SustAt .         Harm     .     (boots currently unavailable)
MR     .....     NoTele   +     h - amulet of rage
Stlth  ++........               (no ring)
                                (no ring)

@: tree-form, not resistant to hostile enchantments, unstealthy
A: unfitting armour, (cold-blooded), AC +5
a: Evoke Berserk Rage


You were on level 2 of the Dungeon.
You were hungry.
You were a tree.
You visited 1 branch of the dungeon, and saw 2 of its levels.

You collected 77 gold pieces.

Inventory:

Jewellery
 h - an amulet of rage (around neck)
Scrolls
 c - 6 scrolls of identify
 d - a scroll of remove curse
Comestibles
 a - a bread ration
 b - a meat ration


   Skills:
 - Level 3.2 Fighting
 - Level 2.6 Dodging
 - Level 1.7 Stealth
 + Level 6.0 Unarmed Combat


You had 3 spell levels left.
You didn't know any spells.

Dungeon Overview and Level Annotations

Branches:
Dungeon (2/15)

Altars:
Ashenzari


Innate Abilities, Weirdness & Mutations

((Your plain brown scales are hard (AC +5).))
Your body does not fit into most forms of armour.
((You are cold-blooded and may be slowed by cold attacks.))


Message History

Unknown command.
You aren't carrying any potions.
Cornered, the gnoll turns to fight!
You aren't carrying any items that can be evoked.
You aren't carrying any potions.
Read which item? (? for menu, Esc to quit)
As you read the scroll labeled QAIH RIZEIJEJI, it crumbles to dust.
It is a scroll of identify.
You don't have any unidentified items.
The gnoll hits you but does no damage.
Unknown command.
The gnoll hits you from afar with a halberd.
* * * LOW HITPOINT WARNING * * *
The gnoll hits you but does no damage. The gnoll hits you but does no damage.
The gnoll hits you but does no damage. The gnoll barely misses you.
The gnoll hits you but does no damage.
The gnoll hits you from afar with a halberd.
You die...

########._.#######.......##.....
..#....÷.#.#...#.+.....
###......#.#.###.#†....
#.##.......#......#..#. ##.
#..##......###########. #..
#...##...(.............
.....#...g##.............###
.....#....)##......#####.#..
.....#.....♣##.....##....#.#
#........###.##'####....(..
#....)..# #.##.# ####.###
#.....†.# #.##.# #.... #..(....#
#.##.# #.### #.......#
#.##.#######.# #.......#
#.##.#.......### #.#####.......#
#....#.######...
.........########...........'...


You could see a gnoll.

Vanquished Creatures
  2 gnolls (D:2)
  4 adders (D:2)
  An ooze (D:1)
  A worm (D:2)
  2 giant geckos
  4 bats
  2 giant cockroaches
  4 goblins
  4 hobgoblins
  4 kobolds
  A quokka (D:2)
  3 giant newts
  6 rats
38 creatures vanquished.

Notes
Turn   | Place    | Note
--------------------------------------------------------------
     0 | D:1      | namelastname112 the Draconian Monk began the quest for the Orb.
     0 | D:1      | Reached XP level 1. HP: 19/19 MP: 1/1
   104 | D:1      | Reached XP level 2. HP: 21/26 MP: 2/2
   735 | D:2      | Reached skill level 5 in Unarmed Combat
   735 | D:2      | Reached XP level 3. HP: 26/31 MP: 3/3
   746 | D:2      | Found a shattered altar of Ashenzari.
  1221 | D:2      | Reached XP level 4. HP: 31/38 MP: 4/4
  1372 | D:2      | HP: 2/57 [gnoll/enchanted halberd (5)]
  1375 | D:2      | Reached skill level 6 in Unarmed Combat
  1393 | D:2      | Slain by a gnoll

Vault maps used:
D:1:      dpeg_arrival_connections
D:2:      nicolae_ashenzari_panopticon

Action                   |  1- 3 |  4- 6 || total
-------------------------+-------+-------++-------
Melee: Unarmed           |   115 |    17 ||   132
  Use: Scroll            |       |     4 ||     4
       Potion            |       |     1 ||     1
 Stab: Sleeping          |     2 |       ||     2
  Eat: Chunk             |     1 |       ||     1
